 Dungeon Crawl Stone Soup version 0.21-a0-531-gacddea6 (webtiles) character file.

168 teukkam the Conjurer (level 5, -5/51 HPs)
             Began as a Gnoll Wanderer on Dec 13, 2017.
             Slain by an iguana (6 damage)
             ... on level 5 of the Dungeon.
             The game lasted 00:12:06 (2395 turns).

teukkam the Conjurer (Gnoll Wanderer)               Turns: 2395, Time: 00:12:06

Health: -5/51      AC: 22    Str: 19    XL:     5   Next: 48%
Magic:  1/9        EV:  2    Int: 13    God:
Gold:   60         SH:  0    Dex: 12    Spells: 6/10 levels left

rFire    . . .     SeeInvis .   m - -1 mace
rCold    . . .     Gourm    .   (no shield)
rNeg     + + +     Faith    .   (armour currently unavailable)
rPois    +         Spirit   .   (helmet currently unavailable)
rElec    .         Reflect  .   (cloak currently unavailable)
rCorr    .         Harm     .   (gloves currently unavailable)
MR       .....     NoTele   +   (boots currently unavailable)
Stlth    ++........             (no amulet)
HPRegen  0.17/turn              (no ring)
MPRegen  0.11/turn              (no ring)

@: tree-form
A: distributed training, rugged brown scales 1, frail 1, strong nose
a: no special abilities


You were on level 5 of the Dungeon.
You were not hungry.
You were a tree.
You visited 1 branch of the dungeon, and saw 5 of its levels.

You collected 60 gold pieces.

Inventory:

Hand Weapons
 a - a +0 dagger
 e - a +0 club
 m - a -1 mace (weapon)
Missiles
 h - 23 arrows
Armour
 c - a +0 buckler
 i - a +0 leather armour (melded)
Scrolls
 g - 4 scrolls of identify
Potions
 l - 2 potions of lignification
 q - a potion of mutation
Books
 b - Xotoc's Papyrus of Displacement

   Spells                             Type                      Level
   a - Shroud of Golubria             Charms/Translocation         2
   b - Blink                          Translocation                2
 j - a book of Minor Magic

   Spells                             Type                      Level
   a - Magic Dart                     Conjuration                  1
   b - Blink                          Translocation                2
   c - Call Imp                       Summoning                    2
   d - Slow                           Hexes                        2
   e - Conjure Flame                  Conjuration/Fire             3
   f - Mephitic Cloud                 Conjuration/Poison/Air       3
Comestibles
 f - 2 bread rations
 o - 2 fruits


   Skills:
 + Level 1.4 Fighting
 + Level 1.4 Short Blades
 + Level 1.4 Long Blades
 + Level 1.4 Axes
 + Level 1.4 Maces & Flails
 + Level 1.4 Polearms
 + Level 1.4 Staves
 + Level 1.4 Slings
 + Level 1.4 Bows
 + Level 1.4 Crossbows
 + Level 1.4 Throwing
 + Level 1.4 Armour
 + Level 1.4 Dodging
 + Level 1.4 Stealth
 + Level 3.0 Shields
 + Level 1.4 Unarmed Combat
 + Level 3.1 Spellcasting
 + Level 5.5 Conjurations
 + Level 1.1 Hexes
 + Level 3.9 Charms
 + Level 1.1 Summonings
 + Level 3.9 Necromancy
 + Level 1.1 Translocations
 + Level 1.1 Transmutations
 + Level 1.1 Fire Magic
 + Level 1.1 Ice Magic
 + Level 1.1 Air Magic
 + Level 1.1 Earth Magic
 + Level 1.1 Poison Magic
 + Level 1.6 Invocations
 + Level 3.0 Evocations


You had 6 spell levels left.
You knew the following spells:

 Your Spells              Type           Power        Failure   Level  Hunger
a - Magic Dart            Conj           ###.         2%          1    #......
b - Conjure Flame         Conj/Fire      ##......     17%         3    ###....


Dungeon Overview and Level Annotations

Branches:
Dungeon (5/15)
 Temple: D:4-7

Altars:
Dithmenos

Annotations:
D:2 Terence
D:3 Sigmund


Innate Abilities, Weirdness & Mutations

Your experience applies equally to all skills.
((You have very sharp teeth.))
Your uncanny sense of smell can sniff out nearby items.
(You are partially covered in rugged brown scales. (AC +1, +3% HP))
You are frail. (-10% HP)


Message History

Casting: Magic Dart
Confirm with . or Enter, or press ? or * to list all spells.
Aiming: Magic Dart
Press: ? - help, Shift-Dir - straight line, f/p - iguana
Aim: an iguana The magic dart hits the iguana.
The iguana is lightly wounded.
The adder bites you but does no damage. The hound barely misses you.
The iguana bites you but does no damage.
You barely miss the iguana.
The iguana is lightly wounded.
The hound bites you but does no damage. The adder bites you but does no damage.
The hound bites you but does no damage. The adder bites you but does no damage.
The iguana bites you but does no damage.
You thump the iguana!
The iguana is severely wounded.
The hound stops to sniff the ground.
The hound bites you but does no damage. The adder bites you but does no damage.
The hound bites you but does no damage. The iguana bites you.
You die...

... ....#####
....#...#
........######
...........#
#.........#
##.........#.#
#....h(l.....#
#..###♣S...#.
# #.........
#......###
#.?#.#.# ∆
.....# ..
##.##.. (. #>
.. . ## ...


You could see an iguana, a hound and an adder.

Vanquished Creatures
  A hound (D:5)
  A centaur skeleton (D:4)
  A bullfrog skeleton (D:5)
  3 adders
  An orc (D:5)
  2 giant cockroaches
  9 goblins
  5 hobgoblins
  7 jackals
  A kobold (D:1)
  3 quokkas
  A ball python (D:2)
  5 bats (D:1)
  6 rats
46 creatures vanquished.

Notes
Turn   | Place    | Note
-------+----------+-------------------------------------------
     0 | D:1      | teukkam the Gnoll Wanderer began the quest for the Orb.
     0 | D:1      | teukkam set off with: a book of Minor Magic, Xotoc's Papyrus of Displacement, a +0 buckler, a +0 robe, a +0 club, a bread ration
     0 | D:1      | Reached XP level 1. HP: 13/13 MP: 4/4
    63 | D:1      | Identified Xotoc's Papyrus of Displacement
    80 | D:1      | Learned a level 1 spell: Magic Dart
   197 | D:1      | Reached XP level 2. HP: 11/19 MP: 0/5
   568 | D:1      | Found a shadowy altar of Dithmenos.
   961 | D:2      | Reached XP level 3. HP: 18/25 MP: 1/7
   966 | D:2      | Learned a level 3 spell: Conjure Flame
  1091 | D:2      | Noticed Terence
  1477 | D:2      | Reached skill level 1 in Invocations
  1688 | D:4      | Reached skill level 1 in Fighting
  1688 | D:4      | Reached skill level 1 in Short Blades
  1688 | D:4      | Reached skill level 1 in Long Blades
  1688 | D:4      | Reached skill level 1 in Axes
  1688 | D:4      | Reached skill level 1 in Maces & Flails
  1688 | D:4      | Reached skill level 1 in Polearms
  1688 | D:4      | Reached skill level 1 in Staves
  1688 | D:4      | Reached skill level 1 in Slings
  1688 | D:4      | Reached skill level 1 in Bows
  1688 | D:4      | Reached skill level 1 in Crossbows
  1688 | D:4      | Reached skill level 1 in Throwing
  1688 | D:4      | Reached skill level 1 in Armour
  1688 | D:4      | Reached skill level 1 in Dodging
  1688 | D:4      | Reached skill level 1 in Stealth
  1688 | D:4      | Reached skill level 1 in Unarmed Combat
  1688 | D:4      | Reached XP level 4. HP: 15/32 MP: 3/8
  1874 | D:4      | Noticed a phantom
  2014 | D:4      | Gained mutation: You are frail. (-10% HP) [potion of mutation]
  2014 | D:4      | Gained mutation: You are partially covered in rugged brown scales. (AC +1, +3% HP) [potion of mutation]
  2289 | D:3      | Noticed Sigmund
  2296 | D:4      | Reached skill level 1 in Hexes
  2296 | D:4      | Reached skill level 1 in Summonings
  2296 | D:4      | Reached skill level 1 in Translocations
  2296 | D:4      | Reached skill level 1 in Transmutations
  2296 | D:4      | Reached skill level 1 in Fire Magic
  2296 | D:4      | Reached skill level 1 in Ice Magic
  2296 | D:4      | Reached skill level 1 in Air Magic
  2296 | D:4      | Reached skill level 1 in Earth Magic
  2296 | D:4      | Reached skill level 1 in Poison Magic
  2358 | D:5      | Entered Level 5 of the Dungeon
  2372 | D:5      | Reached XP level 5. HP: 12/34 MP: 2/9
  2381 | D:5      | HP: 2/51 [hound (2)]
  2391 | D:5      | HP: 1/51 [hound (4)]
  2395 | D:5      | Slain by an iguana

Vault maps used:
D:1:      evilmike_arrival_rings, minmay_hexomino_r4
D:2:      lemuel_crystal_altar, nicolae_qazlal_style_of_elements,
          patterned_corridor, uniq_terence
D:3:      minivault_5, tso_altar, uniq_ijyb, uniq_grinder, uniq_sigmund
D:4:      old_standard_altar, yredelemnul_forgotten_temple_becter
D:5:      zin_statuary, lemuel_doored_altar, serial_shops, shop, first_bread,
          nicolae_ru_the_path_less_chosen, uniq_blork_the_orc

Skill      XL: |  1  2  3  4  5 |
---------------+----------------+-----
Invocations    | 1 |  1.6
Fighting       | 1 |  1.4
Short Blades   | 1 |  1.4
Long Blades    | 1 |  1.4
Axes           | 1 |  1.4
Maces & Flails | 1 |  1.4
Polearms       | 1 |  1.4
Staves         | 1 |  1.4
Slings         | 1 |  1.4
Bows           | 1 |  1.4
Crossbows      | 1 |  1.4
Throwing       | 1 |  1.4
Armour         | 1 |  1.4
Dodging        | 1 |  1.4
Stealth        | 1 |  1.4
Unarmed Combat | 1 |  1.4
Spellcasting   | 3 |  3.1
Hexes          | 1 |  1.1
Summonings     | 1 |  1.1
Translocations | 1 |  1.1
Transmutations | 1 |  1.1
Fire Magic     | 1 |  1.1
Ice Magic      | 1 |  1.1
Air Magic      | 1 |  1.1
Earth Magic    | 1 |  1.1
Poison Magic   | 1 |  1.1
Shields        | 3 |  3.0
Evocations     | 3 |  3.0
Conjurations   | |  5.5
Charms         | |  3.9
Necromancy     | |  3.9

Action                   |  1- 3 |  4- 6 || total
-------------------------+-------+-------++-------
Melee: Club              |    14 |       ||    14
       Dagger            |    24 |       ||    24
       Bite              |     9 |       ||     9
       Mace              |    24 |    25 ||    49
 Cast: Magic Dart        |    50 |    19 ||    69
       Conjure Flame     |     3 |       ||     3
  Use: Scroll            |     6 |     1 ||     7
       Potion            |     1 |     5 ||     6
 Stab: Sleeping          |     1 |       ||     1
  Eat: Meat ration       |     1 |       ||     1
       Fruit             |       |     1 ||     1
Armor: Robe              |    27 |       ||    27
       Leather armour    |       |     5 ||     5
       Skin              |       |   104 ||   104
Dodge: Dodged            |    64 |    22 ||    86
Block: Buckler           |     7 |       ||     7

Table legend:
 A = Spawn XP
 B = Non-spawn XP
 C = Spawn XP percentage of total XP
 D = Spawn monster count
 E = Non-spawn monster count
 F = Spawn count percentage of total count
 G = Total turns spent on level
                    A         B        C        D         E        F      G
               +---------+---------+-------+---------+---------+-------+---------
         Total |       0 |     240 |   0.0 |       0 |      46 |   0.0 |  2395
               +---------+---------+-------+---------+---------+-------+---------
           D:1 |       0 |      28 |   0.0 |       0 |      17 |   0.0 |  1132
           D:2 |       0 |      45 |   0.0 |       0 |      19 |   0.0 |   496
           D:4 |       0 |      72 |   0.0 |       0 |       4 |   0.0 |   712
           D:5 |       0 |      95 |   0.0 |       0 |       6 |   0.0 |    37
               +---------+---------+-------+---------+---------+-------+---------
